Map: Lightshade LE

Players

Bunny

  • Race: Terran Terran
  • League: Bronze

SpeCial - Winner!

  • Race: Terran Terran
  • League: Master

Event: DreamHack SC2 Masters 2021 Fall

VOD

Have the link to the VOD?

Description

Time

  • Played on: Sept. 8, 2021, 10:04 a.m.
  • Length: 10:14

All games in this series

Show
View Real Time Build Order
Export as new Build Order

Bunny Terran 

Build Orders: Cyclone Opening 

Get SALT Encoding   

  12  0:00  SCV  
  13  0:12  SCV  
  14  0:17  Supply Depot  
  14  0:24  SCV  
  15  0:39  SCV  
  15  0:41  Barracks  
  16  0:43  Refinery  
  16  0:51  SCV  
  16  0:52  Refinery  
  17  1:03  SCV  
  18  1:15  SCV  
  19  1:27  Reaper, Orbital Command  
  19  1:29  Supply Depot  
  20  1:41  Factory  
  20  1:53  SCV  
  21  1:59  Marine  
  22  2:05  SCV  
  23  2:17  Marine, SCV  
  25  2:25  Factory Tech Lab  
  25  2:29  Command Center  
  25  2:31  SCV  
  25  2:36  Marine  
  27  2:43  Cyclone  
  29  2:44  SCV  
  29  2:49  Supply Depot  
  30  2:57  Starport  
  30  3:02  SCV  
  31  3:06  Barracks Reactor  
  31  3:14  SCV  
  32  3:26  SCV  
  33  3:28  Factory Tech Lab  
  32  3:38  SCV  
  33  3:42  Raven  
  33  3:46  Marine x2  
  37  3:50  SCV  
  37  3:52  Siege Tank  
  37  3:54  Refinery, Bunker  
  41  4:02  SCV  
  42  4:03  Orbital Command  
  42  4:04  Marine x2  
  44  4:14  SCV  
  45  4:26  Raven, SCV  
  45  4:30  SCV  
  49  4:34  Command Center  
  49  4:35  Marine  
  49  4:37  Marine  
  51  4:41  Supply Depot  
  51  4:43  SCV  
  53  4:45  SCV  
  53  4:54  Supply Depot  
  53  4:55  SCV  
  54  5:03  Marine x2, SCV, Siege Tank  
  54  5:04  Refinery  
  60  5:11  SCV  
  61  5:15  SCV  
  61  5:16  Supply Depot  
  61  5:17  Supply Depot  
  62  5:23  SCV  
  62  5:27  SCV  
  64  5:29  Viking x2  
  64  5:35  SCV  
  69  5:38  Siege Tank  
  69  5:39  SCV  
  69  5:40  Marine  
  69  5:42  Stimpack  
  74  5:48  Orbital Command  
  75  5:50  SCV  
  75  5:51  SCV  
  76  5:59  Viking x2  
  76  6:01  Marine  
  81  6:07  SCV  
  81  6:08  SCV  
  81  6:10  Siege Tank  
  86  6:15  Orbital Command  
  86  6:22  SCV x2  
  86  6:25  Barracks x2  
  88  6:28  Orbital Command  
  88  6:29  Viking x2  
  87  6:36  SCV x2  
  87  6:38  Marine  
  89  6:42  Siege Tank  
  89  6:45  Engineering Bay  
  89  6:49  SCV x2  
  89  6:50  Engineering Bay  
  91  7:02  Command Center  
  91  7:05  Supply Depot  
  91  7:06  Supply Depot  
  91  7:14  Barracks Reactor, Barracks Tech Lab  
  89  7:17  Supply Depot x2  
  86  7:26  Marine  
  86  7:27  SCV x2, Siege Tank  
  88  7:37  Liberator x2  
  88  7:38  Concussive Shells, Combat Shield, Marauder  
  88  7:39  SCV x2  
  77  8:06  SCV x2  
  77  8:16  Orbital Command  
  77  8:20  Viking x2  
  81  8:30  Siege Tank  
  81  8:34  Marine x4  
  79  8:51  Viking  
  79  8:54  SCV x3  
  78  8:59  Marine x2, Marauder x2  
  84  9:06  SCV x3  
  84  9:09  Barracks  
  87  9:10  Barracks  
  84  9:18  SCV x3  
  84  9:19  Viking  
  82  9:30  SCV x2  
  82  9:31  SCV, Marauder x2  
  78  9:32  Marine x2  
  75  9:42  SCV  
  75  9:44  SCV x2  
  74  9:48  Supply Depot  
  74  9:49  Marine  
  74  9:50  Marine  
  72  9:53  Marauder x2  
  72  9:54  SCV  
Show
View Real Time Build Order
Export as new Build Order

SpeCial Terran - Winner!

Build Orders: 2 Factory, Cyclone Opening, Mech 

Get SALT Encoding   

  12  0:00  SCV  
  13  0:12  SCV  
  14  0:18  Supply Depot  
  14  0:24  SCV  
  15  0:39  SCV  
  15  0:40  Barracks  
  16  0:45  Refinery  
  16  0:52  SCV  
  16  0:55  Refinery  
  17  1:04  SCV  
  18  1:16  SCV  
  19  1:27  Reaper  
  19  1:28  Orbital Command  
  20  1:35  Supply Depot  
  20  1:44  Factory  
  20  1:54  SCV  
  20  1:59  Reaper  
  22  2:06  SCV  
  23  2:18  SCV  
  24  2:25  Command Center  
  24  2:29  Factory Tech Lab  
  24  2:31  SCV  
  25  2:43  SCV, Supply Depot  
  26  2:47  Cyclone  
  29  2:55  SCV  
  30  3:00  Factory  
  30  3:07  SCV  
  31  3:12  Mag-Field Accelerator  
  31  3:19  SCV  
  32  3:27  Refinery  
  32  3:31  SCV  
  32  3:32  Cyclone  
  36  3:38  Orbital Command  
  36  3:43  SCV, Factory Tech Lab  
  38  3:55  SCV  
  38  4:01  Supply Depot  
  38  4:04  SCV  
  38  4:05  Cyclone  
  38  4:06  Cyclone  
  38  4:07  SCV  
  45  4:16  SCV  
  46  4:19  SCV  
  47  4:31  SCV  
  47  4:32  SCV  
  47  4:37  Command Center  
  49  4:42  Widow Mine x2  
  53  4:47  SCV  
  53  4:48  SCV, Supply Depot  
  55  5:01  Starport  
  55  5:02  SCV x2  
  55  5:06  Cyclone  
  60  5:09  Cyclone  
  60  5:11  Supply Depot  
  63  5:15  SCV x2  
  65  5:26  Barracks Reactor  
  65  5:27  SCV x2  
  67  5:28  Refinery  
  67  5:34  Supply Depot  
  67  5:39  SCV x2, Engineering Bay  
  67  5:42  Cyclone x2  
  75  5:51  SCV, Orbital Command  
  75  5:52  SCV  
  77  6:04  SCV x2  
  78  6:13  Liberator x2  
  78  6:16  SCV x2  
  86  6:18  Missile Turret  
  86  6:19  SCV  
  86  6:21  Siege Tank  
  86  6:22  Missile Turret  
  90  6:28  SCV x2  
  90  6:32  SCV  
  90  6:40  SCV x2  
  90  6:45  SCV  
  93  6:47  Siege Tank  
  93  6:48  Barracks Reactor  
  93  6:51  Factory  
  93  6:52  SCV x2  
  98  6:57  SCV, Viking  
  101  7:05  Viking, Missile Turret  
  101  7:08  Supply Depot  
  101  7:10  Supply Depot  
  101  7:26  Missile Turret  
  101  7:28  Supply Depot x2  
  109  7:30  SCV x2, Siege Tank x2  
  109  7:31  Viking  
  109  7:35  Viking  
  109  7:36  Orbital Command  
  109  7:45  Missile Turret  
  109  7:46  SCV  
  109  7:47  SCV, Missile Turret  
  107  8:00  Hellion  
  107  8:01  Viking, Hellion  
  107  8:02  Cyclone  
  107  8:05  Viking  
  112  8:06  SCV x2  
  111  8:13  Cyclone  
  115  8:22  Hellion x2  
  112  8:28  SCV x2  
  112  8:31  Viking  
  115  8:35  Viking  
  108  8:50  Hellion x2, Cyclone  
  108  8:52  SCV  
  99  8:56  SCV  
  99  8:59  Orbital Command  
  99  9:01  Viking, Hellion  
  101  9:05  Viking, SCV  
  104  9:14  Hellion  
  104  9:17  SCV  
  103  9:22  SCV, Siege Tank  
  106  9:29  SCV  
  106  9:30  SCV  
  104  9:34  Hellion  
  104  9:37  SCV  
  101  9:41  SCV  
  101  9:43  SCV  
  104  9:55  SCV  
  105  10:00  SCV x2  

Tags
 
Add a new tag
Caveats
  • Supply blocks, unpowered buildings, or Contaminate may cause inaccurate times.
  • Supply counts are checked every 10 seconds.